woodfighter, neutral female human Healer # ------------ ---.-- --------- |*.........| #-..).| |?.??.??| |...>.....*| #[#|....| ----------- |.?..+.?| |..........| # |...<.## |.........| |.......| ----.---|--- ### |....| |......f..-# -|------- # `# # |.....###### |.....>...|# ## # # ### ------ # |...@.....|### # ##### # ### ----o----|- # ### -.-.-----### # # # ### # |...(...|# ### ## ######## # ### |.......|# # -.-.-|-- ###---------.----- |........# ##.......| #-.............| --------- |.----.| |.............| |.| |.| |.....*.......| |.----.| |.......------- |......| |.......| -------- --------- woodfighter the Rhizotomist Experience level: 2 Strength: 9 Dexterity: 11 Constitution: 14 Intelligence: 10 Wisdom: 14 Charisma: 16 Health: 0(18) Energy: 18(18) Def: 4 Gold: 1635 Moves: 1107 Dungeon seed: GB-QbSKnXQExzHq8 Game ID: woodfighter_1509746457 Your Inventory: Coins $ - 1635 gold pieces Weapons a - a +0 scalpel (weapon in hand) Armor e - an uncursed +1 pair of leather gloves (being worn) r - an uncursed +0 leather armor (being worn) Comestibles k - 5 blessed eucalyptus leaves l - 2 blessed sprigs of wolfsbane o - 6 uncursed apples B - an uncursed sprig of wolfsbane Scrolls p - an uncursed scroll of light u - 3 uncursed scrolls of identify z - an uncursed scroll of scare monster A - a cursed scroll of water D - an uncursed scroll of enchant weapon F - an uncursed scroll of remove curse G - an uncursed scroll of enchant weapon H - an uncursed scroll of enchant armor K - a blessed scroll of identify Spellbooks h - a blessed spellbook of healing i - a blessed spellbook of extra healing j - a blessed spellbook of stone to flesh Potions c - 3 uncursed potions of healing d - a blessed potion of healing f - 4 uncursed potions of extra healing v - a cursed potion of gain level C - an uncursed potion of gain ability Wands g - a wand of sleep (0:4) Tools b - an uncursed stethoscope q - an uncursed sack t - an uncursed blindfold x - an uncursed skeleton key Spells and supernatural/magical abilities: Name Level Category Fail Memory h - healing 1 healing 0% 95% x - extra healing 3 healing 98% 95% S - stone to flesh 3 healing 100% 95% W - pray for help -- divine ? -- Your skills at the end: Miscellaneous Skills wands [Basic] Weapon Skills knife [Basic] Spellcasting Skills healing spells [Basic] Final Attributes: You were devoutly aligned. You were poison resistant. You were lucky. You are dead. Vanquished creatures: a gas spore a hobbit an acid blob a gecko 7 jackals a kobold 2 newts a sewer rat 2 grid bugs 2 lichens a kobold zombie 20 creatures vanquished. Voluntary challenges: You did not adorn yourself with jewelry or accessories. You did not cause conflict. You were not invisible. You did not have reflection. You were not displaced. You were an atheist. You used a wielded weapon 24 times, starting on turn 236. You did not apply a unicorn horn. You did not use plumbed fixtures. You did not drink any magical draughts. You were illiterate. You never genocided any monsters. You never polymorphed an object. You never changed form. You used no wishes. You never split a pudding. You never wrote Elbereth's name. You never violated your personal moral code. Dungeon overview: The Dungeons of Doom: levels 1 to 4 Level 1 a sink a long staircase Level 2 a general store, a fountain Level 3 (box) <- You were here a scroll shop stairs to The Gnomish Mines Level 4 The Gnomish Mines: Level 4 stairs to The Dungeons of Doom History has recorded: On T:1 you entered the Dungeons of Doom to retrieve the Amulet of Yendor! On T:173 you reached level 2 of The Dungeons of Doom. On T:635 you reached level 3 of The Dungeons of Doom. On T:828 you reached level 4 of The Dungeons of Doom. On T:874 you advanced to experience level 2. On T:942 you reached level 1 of The Gnomish Mines. Score breakdown: Gold: 0 ( 0 points) Experience: 2 levels ( 100 points) Exploration: 4 levels ( 90 points) Discoveries: 11 items ( 550 points) Variety of kills: 11 monsters ( 550 points) Major goal: (nothing yet) ( 0 points) Survival: died (score multiplied by 3) Total score: 3870 Latest messages: Nowhere else around here can be automatically explored. Where do you want to travel to? The door opens. You stop travelling. The jackal bites! You hack the jackal. The jackal is moderately wounded. The jackal bites! You slash the jackal. The jackal is moderately wounded. The jackal misses. (2x) You kill the jackal! Where do you want to travel to? You stop travelling. The hobgoblin wields a dagger! The newt bites! You kill the newt! The hobgoblin thrusts her dagger at you. The hobgoblin stabs you! You have a little trouble lifting u - a scroll of identify. The hobgoblin thrusts her dagger at you. The hobgoblin stabs you! You die... The sack is empty. The sack is empty. Final status: Goodbye woodfighter the Healer, killed by a hobgoblin... You died in The Dungeons of Doom on dungeon level 3 with 3870 points, and 1635 pieces of gold, after 1107 moves. You were level 2 with a maximum of 18 hit points when you died.